AoeStats
← GAX | Urubu

Black Forest

508996314Analyzed
4v4 RM · 8d ago on Sep 25, 2026· 32m 32s· 8 players
Game mode
Random Map
Map size
Large (8 player)
Population
200
Speed
Normal
Resources
Standard
Victory
Conquest
Starting age
Dark Age
Ending age
Imperial Age
RankedLock teamsTeams togetherTeam positionsShared explorationLock speedFull tech treeHidden civsTurbo modeCheats
Victory
Defeat
🇧🇷 Malay · Brazil
1571
+13
🇻🇳 Bulgarians · Vietnam
1564
+14
🇹🇼 Saxons · Taiwan
1468
+17
🇨🇳 Byzantines · China
1463
+18
🇺🇸 Celts · United States
1731
-25
🇭🇰 Teutons · Hong Kong SAR China
1474
-14
🇨🇳 Byzantines · China
1413
-12
🇨🇳 Goths · China
1405
-11
快樂987
6:01 Loom
8:57 Feudal Age
17:21 Double-Bit Axe
25:33 Horse Collar
27:53 Wheelbarrow
30:56 Castle Age
32:07 Bow Saw
32:13 Heavy Plow
0:27 Loom
10:22 Feudal Age
18:41 Castle Age
16:50 Double-Bit Axe
26:21 Gold Mining
29:24 Wheelbarrow
29:29 Fletching
33:42 Imperial Age
31:09 Stone Mining
32:29 Stone Shaft Mining
32:08 Bow Saw
32:28 Hand Cart
32:03 Horse Collar
32:07 Fishing Lines
GAX | Urubu
8:23 Loom
10:56 Feudal Age
13:06 Wheelbarrow
15:17 Castle Age
13:47 Double-Bit Axe
13:48 Horse Collar
13:55 Fishing Lines
16:17 Bow Saw
17:12 Horse Collar
24:58 Scale Barding Armor
25:28 Fletching
28:09 Devotion
28:25 Husbandry
28:55 Forging
28:45 Gold Mining
29:07 Redemption
28:50 Stone Mining
28:24 Light Cavalry
32:46 Imperial Age
31:04 Hand Cart
31:33 Bodkin Arrow
31:38 Padded Archer Armor
33:20 Chemistry
32:24 Bracer
32:40 Leather Archer Armor
puting
12:22 Feudal Age
16:58 Castle Age
15:05 Double-Bit Axe
15:45 Fishing Lines
18:17 Bow Saw
18:30 Gillnets
22:51 Gold Mining
24:05 Scale Barding Armor
25:47 Chain Barding Armor
26:18 Forging
25:57 Horse Collar
27:47 Wheelbarrow
27:28 Husbandry
29:00 Iron Casting
29:14 Gold Shaft Mining
30:18 Loom
30:49 Hand Cart
33:31 Imperial Age
31:38 Treadmill Crane
Hugh Jayniss
5:00 Loom
5:41 Loom
8:40 Feudal Age
16:30 Town Watch
17:20 Fletching
22:47 Wheelbarrow
21:53 Horse Collar
23:36 Double-Bit Axe
29:22 Castle Age
30:49 Bodkin Arrow
_LZ_
11:13 Feudal Age
12:29 Double-Bit Axe
14:55 Castle Age
12:51 Fishing Lines
16:24 Bow Saw
17:46 Gillnets
20:48 Wheelbarrow
21:41 Gold Mining
22:24 Horse Collar
23:19 Heavy Plow
24:42 Loom
25:16 Hand Cart
25:58 Stone Mining
28:48 Imperial Age
27:24 Forging
27:15 Scale Mail Armor
26:39 Pikeman
28:53 Halberdier
29:49 Chain Mail Armor
30:09 Iron Casting
29:02 Capped Ram
30:07 Town Watch
30:30 Siege Ram
30:34 Onager
31:57 Siege Engineers
33:27 Blast Furnace
32:59 Plate Mail Armor
33:30 Blast Furnace
苏东坡的粉丝
11:27 Feudal Age
10:16 Loom
15:58 Castle Age
13:54 Double-Bit Axe
14:46 Scale Barding Armor
15:20 Forging
15:57 Bloodlines
17:39 Bow Saw
20:12 Chain Barding Armor
20:27 Bow Saw
24:04 Light Cavalry
26:43 Wheelbarrow
26:57 Horse Collar
27:34 Pikeman
28:20 Gold Mining
28:22 Stone Mining
30:54 Scale Mail Armor
32:08 Iron Casting
31:43 Fletching
32:11 Chain Mail Armor
32:32 Fletching
.
0:58 Loom
10:35 Feudal Age
11:21 Double-Bit Axe
21:10 Castle Age
19:40 Fishing Lines
19:59 Gold Mining
20:22 Stone Mining
22:51 Stone Shaft Mining
Connection lost

Rejoining the realm…

Still unreachable

The connection could not be restored.

Session expired

The server has moved on; the page needs a fresh start.